Map: Port Aleksander LE

Players

Lock - Winner!

  • Race: Protoss Protoss
  • League: Platinum
  • Spawn Location: 11:00

VOD

Have the link to the VOD?

Description

Time

  • Played on: Nov. 22, 2018, 9:56 p.m.
  • Length: 10:13
Show
View Real Time Build Order
Export as new Build Order

Lock Protoss - Winner!

Build Orders: 1 Gate Expand, Zealot Archon 

Get SALT Encoding   

  12  0:02  Probe  
  12  0:14  Probe  
  12  0:20  Pylon  
  12  0:26  Probe  
  12  0:37  Probe  
  12  0:38  Gateway  
  12  0:46  Probe  
  12  0:55  Probe  
  12  1:08  Probe  
  12  1:21  Nexus  
  12  1:31  Cybernetics Core  
  12  1:41  Gateway  
  12  1:43  Probe  
  12  1:51  Assimilator  
  12  1:55  Probe  
  12  1:58  Assimilator  
  12  2:04  Pylon  
  12  2:08  Probe  
  12  2:20  Probe  
  12  2:24  Adept  
  12  2:28  Adept  
  12  2:32  Probe  
  12  2:33  Probe  
  12  2:36  Warp Gate  
  12  2:45  Probe x2  
  12  2:56  Twilight Council  
  12  2:58  Probe x2  
  12  3:04  Assimilator  
  12  3:10  Probe x2  
  12  3:22  Probe  
  12  3:23  Probe  
  12  3:34  Templar Archives, Probe  
  12  3:35  Probe  
  12  3:51  Nexus  
  12  3:52  Pylon  
  12  3:54  Probe x2  
  12  4:00  Gateway  
  12  4:09  Probe x2, Assimilator  
  12  4:14  Charge  
  12  4:19  Psionic Storm  
  12  4:24  Probe x2  
  12  4:36  Robotics Facility  
  12  4:37  Probe x2  
  12  4:42  Zealot  
  12  4:43  Zealot  
  12  4:50  Probe x2  
  12  5:01  Pylon  
  12  5:03  Pylon  
  12  5:05  Probe x3  
  12  5:07  Zealot x2  
  12  5:18  Pylon  
  12  5:21  Probe x3  
  12  5:24  Observer  
  12  5:34  Gateway  
  12  5:35  Forge  
  12  5:38  Gateway  
  12  5:40  Gateway  
  12  5:41  Probe x3  
  12  5:46  Zealot x2  
  12  5:53  Assimilator  
  12  5:55  Probe x3, Assimilator  
  12  5:59  Observer  
  12  6:05  Zealot  
  12  6:06  Zealot  
  12  6:07  Probe x2  
  12  6:08  Probe  
  12  6:13  Zealot  
  12  6:20  Pylon  
  12  6:23  Pylon  
  12  6:27  High Templar x2  
  12  6:31  Probe x3  
  12  6:33  High Templar  
  12  6:35  Protoss Ground Weapons Level 1  
  12  6:40  High Templar x3  
  12  6:46  Pylon  
  12  6:49  Pylon  
  12  6:51  Probe x2  
  12  6:52  Probe  
  12  7:02  Gateway  
  12  7:04  Gateway  
  12  7:05  Gateway  
  12  7:07  Gateway  
  12  7:15  Probe x3  
  12  7:18  High Templar x2  
  12  7:19  High Templar x3  
  12  7:22  High Templar, Nexus  
  12  7:24  Pylon, Archon x2  
  12  7:25  Archon  
  12  7:26  Pylon  
  12  7:28  Probe x3  
  12  7:32  Observer  
  12  7:39  Assimilator  
  12  7:41  Probe x3  
  12  7:44  Assimilator  
  12  7:52  Zealot  
  12  7:53  Zealot x4  
  12  7:57  Probe x3  
  12  8:02  Zealot x2  
  12  8:08  Pylon  
  12  8:09  Pylon  
  12  8:13  Pylon  
  12  8:21  Pylon  
  12  8:24  Immortal  
  12  8:25  Pylon  
  12  8:28  High Templar  
  12  8:29  High Templar x3  
  12  8:30  High Templar  
  12  8:31  Pylon  
  12  8:33  Pylon  
  12  8:34  High Templar  
  12  8:35  Archon x2  
  12  8:38  Archon  
  12  8:40  Zealot x2  
  12  8:41  Zealot x2  
  12  8:56  Immortal  
  12  9:03  Zealot  
  12  9:04  Zealot x7  
  12  9:05  Zealot  
  12  9:10  Zealot  
  12  9:28  Zealot x4  
  12  9:29  Zealot  
  12  9:30  Nexus  
  12  9:32  Pylon  
  12  9:35  Pylon  
  12  9:36  Observer  
Tags
 
Add a new tag
Caveats
  • Supply blocks, unpowered buildings, or Contaminate may cause inaccurate times.
  • Supply counts are checked every 10 seconds.